 Dungeon Sprint DCSS version 0.22-a0-248-gc8378ba (webtiles) character file.

67668 Kidiri the Sorcerer (level 13, -18/85 HPs)
             Began as a Deep Elf Fire Elementalist on Feb 12, 2018.
             Was the Champion of Vehumet.
             Demolished by an azure jelly (26 damage)
             ... in the Dungeon (Sprint III: "The Ten Rune Challenge") on Feb 28, 2018.
             The game lasted 00:43:46 (5946 turns).

Kidiri the Sorcerer (Deep Elf Fire Elementalist)    Turns: 5946, Time: 00:43:48

Health: -18/85     AC: 12    Str:  8    XL:     13   Next: 70%
Magic:  27/42      EV: 20    Int: 30    God:    Vehumet [******]
Gold:   4378       SH:  0    Dex: 15    Spells: 9/59 levels left

rFire    . . .     SeeInvis .   q - +2 dagger (venom)
rCold    . . .     Gourm    .   (no shield)
rNeg     . . .     Faith    .   l - +2 robe {Archmagi}
rPois    +         Spirit   .   i - +2 hat
rElec    .         Reflect  .   (no cloak)
rCorr    .         Harm     .   a - +2 pair of gloves {Str+3}
MR       +....     NoTele   +   (no boots)
Stlth    ++........             (no amulet)
HPRegen  0.24/turn              t - ring of poison resistance
MPRegen  0.28/turn              w - +4 ring of intelligence

@: no status effects
A: thin metallic scales 1, robust 1
}: 2/10 runes: serpentine, barnacled
a: Renounce Religion


You were in the Dungeon.
You worshipped Vehumet.
Vehumet was exalted by your worship.
You were not hungry.

You visited 1 branch You collected 4644 gold pieces.
You spent 266 gold pieces at shops.

Inventory:

Hand Weapons
 q - a +2 dagger of venom (weapon)
Armour
 a - a +2 pair of gloves of strength (worn)
 i - a +2 hat (worn)
 l - a +2 robe of the Archmagi (worn)
Jewellery
 t - a ring of poison resistance (left hand)
 w - a +4 ring of intelligence (right hand)
Wands
 s - a wand of digging (17)
Scrolls
 j - a scroll of blinking
 k - 3 scrolls of fear {unknown}
 m - a scroll of immolation
 n - a scroll of fog
 o - 4 scrolls of remove curse
Potions
 d - 2 potions of curing
 e - 4 potions of heal wounds
 g - 3 potions of magic
 h - 2 potions of berserk rage
 p - a potion of lignification
 r - a potion of agility
 u - a potion of invisibility
Comestibles
 c - 14 rations


   Skills:
 + Level 7.9 Fighting
 + Level 9.6 Short Blades
 + Level 8.0 Armour
 + Level 11.7 Dodging
 - Level 2.4 Stealth
 * Level 23.5 Spellcasting
 + Level 15.3 Conjurations
 + Level 15.6 Fire Magic
 + Level 10.4 Ice Magic
 + Level 7.3 Air Magic
 + Level 9.8 Earth Magic
 + Level 10.1 Poison Magic


You had 9 spell levels left.
You knew the following spells:

 Your Spells              Type           Power        Failure   Level  Hunger
a - Flame Tongue          Conj/Fire      #####        0%          1    None
b - Throw Flame           Conj/Fire      ######       0%          2    None
c - Conjure Flame         Conj/Fire      ########     0%          3    None
d - Inner Flame           Hex/Fire       #######.     1%          3    None
e - Ignite Poison         Fire/Tmut/Pois #######.     1%          3    None
f - Sticky Flame          Conj/Fire      ########     0%          4    None
g - Fireball              Conj/Fire      ########..   1%          5    None
h - Bolt of Fire          Conj/Fire      ########..   1%          6    None
i - Throw Icicle          Conj/Ice       ########     1%          4    None
j - Freezing Cloud        Conj/Ice/Air   ########..   1%          6    None
k - Iron Shot             Conj/Erth      ########..   1%          6    None
l - Orb of Destruction    Conj           ########..   1%          7    None


Dungeon Overview and Level Annotations

Branches:
Dungeon (1/1)

Altars:
Cheibriados
Dithmenos
Elyvilon
Fedhas
Gozag
Hepliaklqana
Kikubaaqudgha
Makhleb
Nemelex Xobeh
Okawaru
Qazlal
Ru
Sif Muna
Trog
Uskayaw
Vehumet
Wu Jian
Xom
Yredelemnul
Zin
The Shining One
Beogh
Jiyva
Lugonu

Shops:
D =?[(:(!

Annotations:
D exclusion: 2 doors


Innate Abilities, Weirdness & Mutations

You are partially covered in thin metallic scales. (AC +2)
You are robust. (+10% HP)


Message History

Confirm with . or Enter, or press ? or * to list all spells.
Aiming: Bolt of Fire (safe; 1% risk of failure)
Press: ? - help, Shift-Dir - straight line, f/p - azure jelly
Aim: an azure jelly You feel a surge of power!
The bolt of fire misses the azure jelly.
The bolt of fire hits the azure jelly.
The azure jelly is burned terribly!
The azure jelly is almost dead.
The azure jelly hits you! The azure jelly freezes you!!!
* * * LOW HITPOINT WARNING * * *
The azure jelly closely misses you. The azure jelly hits you.
* * * LOW HITPOINT WARNING * * *
The azure jelly hits you but does no damage.
You feel much better. The azure jelly hits you. The azure jelly freezes you!!
* * * LOW HITPOINT WARNING * * *
The azure jelly hits you but does no damage. x3
The azure jelly hits you.
* * * LOW HITPOINT WARNING * * *
The azure jelly freezes you!!
You die...

#..# #..#####....#___#
▓▓▓▓▓▓▓▓▓▓▓▓▓▓▓▓▓▓▓▓▓▓
▓...+≈≈§≈§§≈≈.♣♣.....♣
▓..P#≈≈§§§§≈≈≈♣♣.≈≈≈≈'
▓.PP#≈≈§§§≈≈≈.≈'.....#
▓..P#≈≈§≈§≈§≈≈♣♣♣♣♣♣♣#
▓...#≈≈≈§≈≈§≈≈♣ #
▓##+####'#######♣ ♣♣
▓..JJ@.....)....♣♣ ♣.
▓#'#############'♣ ♣♣
▓...#≈P..........♣ ♣
▓...+≈≈...########♣♣ ♣
▓...#≈≈≈.........PP♣ ♣
▓...#≈≈≈≈...P......♣ ♣
#+#############+######
#....... #.......


You could see 2 azure jellies.

Vanquished Creatures
  Rupert (D)
  Gastronok (D)
  Polyphemus (D)
  A nagaraja (D)
  2 azure jellies (D)
  Ilsuiw (D)
  2 dire elephants (D)
  A merfolk javelineer (D)
  A naga warrior (D)
  2 hydras (D)
  Erica (D)
  A centaur warrior (D)
  4 anacondas (D)
  2 orc high priests (D)
  4 death yaks (D)
  Urug (D)
  A death drake (D)
  An unseen horror (D)
  A sea snake (D)
  A spriggan druid (D)
  A lindwurm (D)
  6 deep elf magi (D)
  An orc knight (D)
  4 black mambas (D)
  2 elephants (D)
  A guardian serpent (D)
  2 spiny frogs (D)
  A rime drake (D)
  A queen bee (D)
  3 wandering mushrooms (D)
  A komodo dragon (D)
  2 tyrant leeches (D)
  8 blink frogs (D)
  3 dream sheep (D)
  A shadow (D)
  3 redbacks (D)
  2 spriggans (D)
  A spatial vortex (D)
  2 nagas (D)
  A hydra simulacrum (D)
  7 water moccasins (D)
  A swamp drake (D)
  2 orc warriors (D)
  A black mamba simulacrum (D)
  A necrophage (D)
  2 centaurs (D)
  An earth elemental (D)
  A water elemental (D)
  32 killer bees (D)
  An electric eel (D)
  3 orc priests (D)
  A jelly (D)
  A wizard (D)
  Jessica (D)
  2 orc wizards (D)
  A polar bear simulacrum (D)
  A necromancer (D)
  A wolf simulacrum (D)
  3 humans (D)
  A kobold demonologist (D)
  A wolf (D)
  4 adders (D)
  An ooze (D)
  8 orcs (D)
  A rat (D)
  2 plants (D)
157 creatures vanquished.

Vanquished Creatures (others)
  2 draconian scorchers (D)
  6 hellions (D)
  3 yaktaurs (D)
  3 plants (D)
14 creatures vanquished.

Grand Total: 171 creatures vanquished

Notes
Turn   | Place    | Note
-------+----------+-------------------------------------------
     0 | D        | Kidiri the Deep Elf Fire Elementalist began the quest for the Orb.
     0 | D        | Reached XP level 1. HP: 10/10 MP: 6/6
    13 | D        | Killed a yaktaur
    20 | D        | Reached skill level 4 in Spellcasting
    57 | D        | Noticed Jessica
    59 | D        | Killed Jessica
    59 | D        | Reached skill level 6 in Spellcasting
    59 | D        | Reached XP level 2. HP: 15/15 MP: 7/11
    60 | D        | Upgraded the game from 0.22-a0-162-g33bf127 to 0.22-a0-248-gc8378ba
    60 | D        | Reached XP level 3. HP: 19/19 MP: 7/12
    63 | D        | Learned a level 2 spell: Throw Flame
    67 | D        | Learned a level 3 spell: Conjure Flame
    71 | D        | Learned a level 3 spell: Inner Flame
   110 | D        | Killed a hellion
   113 | D        | Killed a hellion
   113 | D        | Killed a hellion
   113 | D        | Killed a hellion
   124 | D        | Killed a hellion
   139 | D        | Reached skill level 7 in Spellcasting
   139 | D        | Reached skill level 5 in Fire Magic
   193 | D        | Killed a white draconian scorcher
   237 | D        | Killed a hellion
   246 | D        | Gained mutation: Your spells are a little easier to cast, but a little less powerful. [potion of mutation]
   246 | D        | Gained mutation: Scrolls take you a little longer to read. [potion of mutation]
   246 | D        | Gained mutation: Your muscles are strong. (Str +2) [potion of mutation]
   246 | D        | Gained mutation: You possess an exceptional clarity of mind. [potion of mutation]
   247 | D        | Lost mutation: Your muscles are strong. (Str +2) [potion of mutation]
   247 | D        | Lost mutation: Your spells are a little easier to cast, but a little less powerful. [potion of mutation]
   247 | D        | Lost mutation: You possess an exceptional clarity of mind. [potion of mutation]
   247 | D        | Lost mutation: Scrolls take you a little longer to read. [potion of mutation]
   247 | D        | Gained mutation: Your system is resistant to poisons. (rPois) [potion of mutation]
   247 | D        | Gained mutation: Your magical capacity is low. (-10% MP) [potion of mutation]
   247 | D        | Gained mutation: You have a somewhat thin skeletal structure. (Dex +2, Stealth) [potion of mutation]
   247 | D        | Gained mutation: You have large cloven feet. [potion of mutation]
   248 | D        | Lost mutation: Your system is resistant to poisons. (rPois) [potion of mutation]
   248 | D        | Lost mutation: You have a somewhat thin skeletal structure. (Dex +2, Stealth) [potion of mutation]
   248 | D        | Lost mutation: Your magical capacity is low. (-10% MP) [potion of mutation]
   248 | D        | Gained mutation: You occasionally shout uncontrollably at your foes. [potion of mutation]
   248 | D        | Gained mutation: Your mind is acute. (Int +2) [potion of mutation]
   249 | D        | Lost mutation: You occasionally shout uncontrollably at your foes. [potion of mutation]
   249 | D        | Lost mutation: Your mind is acute. (Int +2) [potion of mutation]
   249 | D        | Gained mutation: Your muscles are strong. (Str +2) [potion of mutation]
   249 | D        | Gained mutation: You are partially covered in icy blue scales. (AC +2) [potion of mutation]
   249 | D        | Gained mutation: You are clumsy. (Dex -2) [potion of mutation]
   249 | D        | Gained mutation: Your system is resistant to poisons. (rPois) [potion of mutation]
   250 | D        | Lost mutation: Your muscles are strong. (Str +2) [potion of mutation]
   250 | D        | Lost mutation: You have large cloven feet. [potion of mutation]
   250 | D        | Gained mutation: Your magical capacity is low. (-10% MP) [potion of mutation]
   250 | D        | Gained mutation: You are partially covered in thin metallic scales. (AC +2) [potion of mutation]
   251 | D        | Lost mutation: Your magical capacity is low. (-10% MP) [potion of mutation]
   251 | D        | Lost mutation: You are partially covered in icy blue scales. (AC +2) [potion of mutation]
   251 | D        | Lost mutation: You are clumsy. (Dex -2) [potion of mutation]
   251 | D        | Lost mutation: Your system is resistant to poisons. (rPois) [potion of mutation]
   251 | D        | Gained mutation: Your spells are a little harder to cast, but a little more powerful. [potion of mutation]
   251 | D        | Lost mutation: Your spells are a little harder to cast, but a little more powerful. [potion of mutation]
   251 | D        | Gained mutation: You are robust. (+10% HP) [potion of mutation]
   257 | D        | Killed a white draconian scorcher
   263 | D        | Noticed a water elemental
   267 | D        | Killed a water elemental
   267 | D        | Reached skill level 9 in Spellcasting
   267 | D        | Reached skill level 5 in Conjurations
   267 | D        | Reached XP level 4. HP: 26/26 MP: 10/17
   316 | D        | Learned a level 4 spell: Sticky Flame
   316 | D        | Found a radiant altar of Vehumet.
   317 | D        | Noticed a wizard
   318 | D        | Killed a wizard
   318 | D        | Reached XP level 5. HP: 28/30 MP: 13/19
   320 | D        | Reached skill level 10 in Spellcasting
   321 | D        | Found a deep blue altar of Sif Muna.
   321 | D        | Found an ancient bone altar of Kikubaaqudgha.
   369 | D        | Became a worshipper of Vehumet
   376 | D        | Learned a level 5 spell: Fireball
   424 | D        | Found a glowing silver altar of Zin.
   424 | D        | Found a glowing golden altar of the Shining One.
   424 | D        | Found a white marble altar of Elyvilon.
   426 | D        | Noticed a deep elf mage
   429 | D        | Killed a deep elf mage
   429 | D        | Reached skill level 13 in Spellcasting
   429 | D        | Reached XP level 6. HP: 35/35 MP: 1/24
   429 | D        | Reached XP level 7. HP: 39/39 MP: 1/26
   552 | D        | Found a hide-covered altar of Uskayaw.
   552 | D        | Found a roughly hewn altar of Beogh.
   552 | D        | Found an iron altar of Okawaru.
   552 | D        | Found a bloodstained altar of Trog.
   552 | D        | Found an ornate altar of the Wu Jian Council.
   552 | D        | Noticed a human
   552 | D        | Noticed a human
   556 | D        | Killed a human
   556 | D        | Reached skill level 14 in Spellcasting
   559 | D        | Killed a human
   559 | D        | Reached * piety under Vehumet
   559 | D        | Offered knowledge of Sting by Vehumet.
   559 | D        | Reached skill level 15 in Spellcasting
   638 | D        | Found a basalt altar of Yredelemnul.
   638 | D        | Found a shadowy altar of Dithmenos.
   638 | D        | Found a sacrificial altar of Ru.
   643 | D        | Reached skill level 10 in Fire Magic
   691 | D        | Noticed a shadow
   695 | D        | Killed a shadow
   695 | D        | Reached ** piety under Vehumet
   695 | D        | Reached XP level 8. HP: 21/45 MP: 19/29
   854 | D        | Found a blossoming altar of Fedhas.
   854 | D        | Found a stormy altar of Qazlal.
   854 | D        | Found a snail-covered altar of Cheibriados.
   854 | D        | Found a burning altar of Makhleb.
   854 | D        | Found a shimmering altar of Xom.
   855 | D        | Found a hazy altar of Hepliaklqana.
   855 | D        | Found an opulent altar of Gozag.
   855 | D        | Found a sparkling altar of Nemelex Xobeh.
   855 | D        | Found a corrupted altar of Lugonu.
   855 | D        | Found a viscous altar of Jiyva.
   871 | D        | Offered knowledge of Shock by Vehumet.
   871 | D        | Reached skill level 16 in Spellcasting
   871 | D        | Reached skill level 10 in Conjurations
   882 | D        | Killed a yaktaur
   939 | D        | Noticed Erica
   940 | D        | Killed Erica
   940 | D        | Reached skill level 17 in Spellcasting
  1105 | D        | Noticed a centaur warrior
  1106 | D        | Offered knowledge of Mephitic Cloud by Vehumet.
  1106 | D        | Reached *** piety under Vehumet
  1106 | D        | Reached XP level 9. HP: 48/49 MP: 28/32
  1107 | D        | Killed a centaur warrior
  1107 | D        | Reached skill level 18 in Spellcasting
  1327 | D        | Noticed an unseen horror
  1332 | D        | Killed an unseen horror
  1332 | D        | Offered knowledge of Throw Icicle by Vehumet.
  1332 | D        | Reached skill level 19 in Spellcasting
  1340 | D        | Learned a level 4 spell: Throw Icicle
  1542 | D        | Reached **** piety under Vehumet
  1543 | D        | Noticed a queen bee
  1545 | D        | Offered knowledge of Ignite Poison by Vehumet.
  1550 | D        | Killed a yaktaur
  1554 | D        | Reached skill level 1 in Ice Magic
  1554 | D        | Reached ***** piety under Vehumet
  1554 | D        | Reached skill level 1 in Short Blades
  1554 | D        | Reached skill level 1 in Fighting
  1554 | D        | Reached skill level 1 in Armour
  1838 | D        | Learned a level 3 spell: Ignite Poison
  1843 | D        | Offered knowledge of Orb of Destruction by Vehumet.
  1843 | D        | Reached XP level 10. HP: 57/57 MP: 28/35
  1843 | D        | Reached ****** piety under Vehumet
  1852 | D        | Learned a level 7 spell: Orb of Destruction
  1950 | D        | Offered knowledge of Bolt of Cold by Vehumet.
  1950 | D        | Reached skill level 1 in Poison Magic
  2135 | D        | Offered knowledge of Iron Shot by Vehumet.
  2152 | D        | Learned a level 6 spell: Iron Shot
  2278 | D        | Reached skill level 1 in Earth Magic
  2397 | D        | Noticed a spiny frog
  2397 | D        | Noticed a spiny frog
  2400 | D        | Killed a spiny frog
  2400 | D        | Reached skill level 5 in Dodging
  2414 | D        | Killed a spiny frog
  2414 | D        | Reached skill level 20 in Spellcasting
  2416 | D        | Offered knowledge of Poison Arrow by Vehumet.
  2627 | D        | Noticed a lindwurm
  2630 | D        | Killed a lindwurm
  2966 | D        | Noticed Urug
  2968 | D        | Killed Urug
  2968 | D        | Reached skill level 5 in Ice Magic
  2968 | D        | Reached XP level 11. HP: 66/66 MP: 25/37
  3020 | D        | Offered knowledge of Conjure Ball Lightning by Vehumet.
  3078 | D        | Reached skill level 5 in Short Blades
  3145 | D        | Noticed Rupert
  3148 | D        | Killed Rupert
  3148 | D        | Reached skill level 21 in Spellcasting
  3148 | D        | Reached skill level 5 in Earth Magic
  3148 | D        | Reached skill level 5 in Poison Magic
  3232 | D        | Noticed a death yak
  3238 | D        | Killed a death yak
  3238 | D        | Offered knowledge of Freezing Cloud by Vehumet.
  3246 | D        | Learned a level 6 spell: Freezing Cloud
  3298 | D        | Noticed a death yak
  3304 | D        | Killed a death yak
  3304 | D        | Reached skill level 5 in Armour
  3304 | D        | Reached skill level 1 in Air Magic
  3305 | D        | Reached skill level 5 in Fighting
  3306 | D        | Noticed a death yak
  3306 | D        | Killed a death yak
  3307 | D        | Noticed a death yak
  3309 | D        | Killed a death yak
  3466 | D        | Offered knowledge of Bolt of Fire by Vehumet.
  3474 | D        | Learned a level 6 spell: Bolt of Fire
  3475 | D        | Noticed an azure jelly
  3475 | D        | Noticed an azure jelly
  3483 | D        | Noticed an azure jelly
  3483 | D        | Noticed an azure jelly
  3522 | D        | Noticed a dire elephant
  3522 | D        | Noticed a dire elephant
  3522 | D        | Noticed Gastronok
  3530 | D        | Killed a dire elephant
  3530 | D        | Reached XP level 12. HP: 71/74 MP: 22/39
  3530 | D        | Killed Gastronok
  3531 | D        | Killed a dire elephant
  3633 | D        | Offered knowledge of Lehudib's Crystal Spear by Vehumet.
  3633 | D        | Offered knowledge of Glaciate by Vehumet.
  3633 | D        | Offered knowledge of Chain Lightning by Vehumet.
  4129 | D        | Noticed an anaconda
  4130 | D        | Noticed an anaconda
  4138 | D        | Killed an anaconda
  4138 | D        | Reached skill level 22 in Spellcasting
  4138 | D        | Killed an anaconda
  4168 | D        | Noticed an anaconda
  4261 | D        | Noticed an anaconda
  4263 | D        | Killed an anaconda
  4330 | D        | Killed an anaconda
  4502 | D        | Noticed a nagaraja
  4506 | D        | Noticed a naga warrior
  4506 | D        | Killed a nagaraja
  4506 | D        | Reached skill level 10 in Dodging
  4506 | D        | Reached skill level 5 in Air Magic
  4509 | D        | Killed a naga warrior
  4543 | D        | Found Set Nues's Jewellery Boutique.
  4543 | D        | Found Maroofik's Magic Scroll Emporium.
  4545 | D        | Found Nane's Antique Armour Shop.
  4699 | D        | Got a serpentine rune of Zot
  4816 | D        | Noticed a six-headed hydra
  4816 | D        | Noticed a four-headed hydra
  4818 | D        | Killed a six-headed hydra
  4819 | D        | Killed a four-headed hydra
  4819 | D        | Reached skill level 15 in Fire Magic
  4819 | D        | Reached XP level 13. HP: 83/83 MP: 33/41
  4995 | D        | Found a blossoming altar of Fedhas.
  5050 | D        | Noticed Polyphemus
  5053 | D        | Killed Polyphemus
  5054 | D        | Noticed Ilsuiw
  5055 | D        | Killed Ilsuiw
  5067 | D        | Noticed a merfolk javelineer
  5069 | D        | Killed a merfolk javelineer
  5069 | D        | Reached skill level 23 in Spellcasting
  5260 | D        | Found Afeg's Book Emporium.
  5271 | D        | Found Ussocyurr's Antique Weapon Shop.
  5272 | D        | Found Zuhe's Distillery.
  5305 | D        | Got a barnacled rune of Zot
  5508 | D        | Reached skill level 15 in Conjurations
  5520 | D        | Reached skill level 10 in Ice Magic
  5562 | D        | Found Pugraom's Antique Weapon Shoppe.
  5869 | D        | Bought a scroll of enchant weapon for 105 gold pieces
  5869 | D        | Bought a scroll of blinking for 105 gold pieces
  5869 | D        | Bought a scroll of identify for 28 gold pieces
  5869 | D        | Bought a scroll of identify for 28 gold pieces
  5941 | D        | Killed an azure jelly
  5941 | D        | Reached skill level 10 in Poison Magic
  5944 | D        | Killed an azure jelly
  5946 | D        | Demolished by an azure jelly

Vault maps used:
D:        dungeon_sprint_mu

Skill      XL: |  1  2  3  4  5  6  7  8  9 10 11 12 13 |
---------------+----------------------------------------+-----
Spellcasting   | 6 9 13 15 17 19 20 21 22 23 | 23.5
Conjurations   | 3 5 8 9 11 12 13 14 15 | 15.3
Fire Magic     | 4 6 9 10 11 12 13 14 15 | 15.6
Ice Magic      | 2 5 7 9 10 | 10.4
Short Blades   | 1 4 6 8 9 |  9.6
Fighting       | 1 3 5 6 7 |  7.9
Dodging        | 3 6 8 10 11 | 11.7
Armour         | 1 3 5 6 8 |  8.0
Poison Magic   | 4 6 8 10 | 10.1
Earth Magic    | 3 6 8 9 |  9.8
Air Magic      | 2 5 7 |  7.3
Stealth        | |  2.4

Action                   |  1- 3 |  4- 6 |  7- 9 | 10-12 | 13-15 || total
-------------------------+-------+-------+-------+-------+-------++-------
Melee: Dagger            |     1 |       |     2 |     8 |     4 ||    15
 Cast: Flame Tongue      |    15 |     1 |    43 |    31 |       ||    90
       Conjure Flame     |     1 |     1 |     4 |     7 |       ||    13
       Throw Flame       |     1 |       |       |     7 |       ||     8
       Sticky Flame      |       |     2 |     7 |    15 |     1 ||    25
       Fireball          |       |     2 |     8 |     6 |     4 ||    20
       Inner Flame       |       |       |     6 |     7 |       ||    13
       Throw Icicle      |       |       |     1 |     1 |       ||     2
       Iron Shot         |       |       |       |    29 |     2 ||    31
       Orb of Destructio |       |       |       |    21 |    14 ||    35
       Bolt of Fire      |       |       |       |     9 |     8 ||    17
       Freezing Cloud    |       |       |       |     4 |     3 ||     7
       Ignite Poison     |       |       |       |     1 |       ||     1
  Use: Potion            |     6 |       |       |     2 |     1 ||     9
       Scroll            |     1 |       |       |     5 |     4 ||    10
 Stab: Sleeping          |       |       |       |     2 |       ||     2
  Eat: Ration            |       |       |     1 |     3 |     1 ||     5
       Chunk             |       |       |       |     2 |     1 ||     3
Armor: Robe              |     1 |       |     6 |     4 |     6 ||    17
Dodge: Dodged            |     2 |       |    15 |    25 |    12 ||    54

Table legend:
 A = Spawn XP
 B = Non-spawn XP
 C = Spawn XP percentage of total XP
 D = Spawn monster count
 E = Non-spawn monster count
 F = Spawn count percentage of total count
 G = Total turns spent on level
                    A         B        C        D         E        F      G
               +---------+---------+-------+---------+---------+-------+---------
         Total |       0 |   56669 |   0.0 |       0 |     155 |   0.0 |  5946
               +---------+---------+-------+---------+---------+-------+---------
             D |       0 |   56669 |   0.0 |       0 |     155 |   0.0 |  5946
               +---------+---------+-------+---------+---------+-------+---------
